cohdb
Replays
Latest Replays
All Replays
Popular Replays
Top Player Replays
Match Explorer
How It Works
Community
CoH3 Stats
Reddit
Sign in to upload your games and track your stats! →
Sign in with Steam
Match 22714703
Unlisted
Match 22714703
Overview
Messages
Build Orders
End
Construct Section Command Post
Dingo Light Scout Car
Infantry Section
Infantry Section
Infantry Section
Infantry Section
Construct Platoon Command Post
Grenade Package
Selects Indian Artillery Battlegroup
Selects Indian Artillery Battlegroup
Selects War Cry
Selects Gurkha Rifles Section
Construct Field Infirmary
Royal Engineer Section
Humber Armored Car
Selects Pillage
Construct Company Command Post
Selects Artillery Saturation
Infantry Section
Selects Off-map Airburst Barrage
Foot Guards Section
Matilda II Heavy Tank
Off-map Airburst Barrage
Foot Guards Section
Selects Perimeter Monitor
Matilda II Heavy Tank
NoF^kingXiaoHaoZi
Eber
Jonatanga
嗨呀是我高菌吗
Dévastro
ClemNox
arvysltu
Officer
0
0
Comments
sign in to comment!
No comments posted yet!